 Dungeon Crawl Stone Soup version 0.21-a0-634-gaf8bc5d (webtiles) character file.

19 Megalobster the Charmwright (level 2, -1/23 HPs)
             Began as a Merfolk Skald on Dec 29, 2017.
             Slain by a hobgoblin (2 damage)
             ... on level 1 of the Dungeon.
             The game lasted 00:01:26 (413 turns).

Megalobster the Charmwright (Merfolk Skald)          Turns: 413, Time: 00:01:26

Health: -1/23      AC:  3    Str: 11    XL:     2   Next: 75%
Magic:  0/5        EV: 12    Int: 12    God:
Gold:   19         SH:  0    Dex: 13    Spells: 0/5 levels left

rFire    . . .     SeeInvis .   a - +0 spear
rCold    . . .     Gourm    .   (no shield)
rNeg     . . .     Faith    .   b - +0 leather armour
rPois    .         Spirit   .   (no helmet)
rElec    .         Reflect  .   (no cloak)
rCorr    .         Harm     .   (no gloves)
MR       .....                  (no boots)
Stlth    +.........             (no amulet)
HPRegen  0.07/turn              (no ring)
MPRegen  0.09/turn              (no ring)

@: infused
A: change form in water, swift swim, stealthy swim
a: no special abilities


You were on level 1 of the Dungeon.
You were not hungry.

You visited 1 branch of the dungeon, and saw 1 of its levels.

You collected 19 gold pieces.

Inventory:

Hand Weapons
 a - a +0 spear (weapon)
Missiles
 e - 28 stones (quivered)
Armour
 b - a +0 leather armour (worn)
Scrolls
 g - a scroll of identify {unknown}
Books
 c - a book of Battle

   Spells                             Type                      Level
   a - Infusion                       Charms                       1
   b - Shroud of Golubria             Charms/Translocation         2
   c - Song of Slaying                Charms                       2
   d - Spectral Weapon                Hexes/Charms                 3
   e - Regeneration                   Charms/Necromancy            3
Comestibles
 d - 2 rations
 f - 2 chunks of flesh


   Skills:
 + Level 2.3 Fighting
 * Level 3.6 Polearms
 - Level 0.6 Armour
 + Level 2.9 Dodging
 + Level 2.1 Spellcasting
 * Level 3.6 Charms


You couldn't memorise any spells.
You knew the following spells:

 Your Spells              Type           Power        Failure   Level  Hunger
a - Infusion              Chrm           ##..         8%          1    ##.....
b - Song of Slaying       Chrm           ##......     12%         2    ###....
c - Shroud of Golubria    Chrm/Tloc      #.........   26%         2    ###....


Dungeon Overview and Level Annotations

Branches:
Dungeon (1/15)

Altars:


Message History

The hobgoblin is severely wounded.
The hobgoblin closely misses you. x2
You aren't carrying any potions.
You hit the hobgoblin but do no damage.
The hobgoblin is severely wounded.
The hobgoblin hits you.
* * * LOW HITPOINT WARNING * * *
The hobgoblin misses you.
You hit the hobgoblin.
You kill the hobgoblin!
The hobgoblin closely misses you.
You closely miss the hobgoblin.
The hobgoblin hits you but does no damage.
You hit the hobgoblin.
The hobgoblin is moderately wounded.
The hobgoblin closely misses you.
You closely miss the hobgoblin.
The hobgoblin is moderately wounded.
The hobgoblin hits you.
You die...

..#.##... ...
..#.##.#####.##.. .# #
#............##>##.# .#
..[.#.#.#.#........##.#
#...........# #....... .
..#.#.#.#.#.# #.#.......
#...........# #.#..#....
....#.#.#.#.###.#.......
................@g......
#.#.#.#.#.#.#.#.#.......
#.#.............#.$.....
#.##.##.#.###.###.......
#.##......# #... ..#.#..
#.#####..)# ########..#.
#...# #.. . #...# .# #.
#...#


You could see a hobgoblin.

Vanquished Creatures
  A dart slug (D:1)
  A leopard gecko (D:1)
  A giant cockroach (D:1)
  A goblin (D:1)
  3 hobgoblins (D:1)
  A bat (D:1)
  4 frilled lizards (D:1)
  3 kobolds (D:1)
  2 rats (D:1)
17 creatures vanquished.

Notes
Turn   | Place    | Note
-------+----------+-------------------------------------------
     0 | D:1      | Megalobster the Merfolk Skald began the quest for the Orb.
     0 | D:1      | Reached XP level 1. HP: 16/16 MP: 3/3
   159 | D:1      | Reached XP level 2. HP: 18/22 MP: 5/5
   181 | D:1      | Learned a level 2 spell: Song of Slaying
   184 | D:1      | Learned a level 2 spell: Shroud of Golubria
   409 | D:1      | HP: 1/23 [hobgoblin (2)]
   413 | D:1      | Slain by a hobgoblin

Vault maps used:
D:1:      kilobyte_arrival_exit_the_forest, serial_glass, glass_columns_c,
          glass_columns_b, glass_columns_b, glass_columns_b, glass_columns_c,
          dk_noncrumbling_4, hex_tiny, minmay_gold_behind_fungi

Action                   || total
-------------------------++-------
Melee: Spear             ||    71
 Cast: Infusion          ||     1
Armor: Leather armour    ||     8
Dodge: Dodged            ||    35

Table legend:
 A = Spawn XP
 B = Non-spawn XP
 C = Spawn XP percentage of total XP
 D = Spawn monster count
 E = Non-spawn monster count
 F = Spawn count percentage of total count
 G = Total turns spent on level
                    A         B        C        D         E        F      G
               +---------+---------+-------+---------+---------+-------+---------
         Total |       0 |      28 |   0.0 |       0 |      17 |   0.0 |   413
               +---------+---------+-------+---------+---------+-------+---------
           D:1 |       0 |      28 |   0.0 |       0 |      17 |   0.0 |   413
               +---------+---------+-------+---------+---------+-------+---------
